[Event "Titled Tuesday Blitz November 22 Late 2022"]
[White "Zhigalko, Sergei"]
[Black "Annaberdiyev, Babageldi"]
[WhiteFideId "13502956"]
[BlackFideId "14000385"]
[WhiteElo "2662"]
[BlackElo "2332"]
[Result "1-0"]
[Round "03"]
[TimeControl "180+1"]
[Date "2022.11.22"]
[WhiteClock "0:01:54"]
[BlackClock "0:02:41"]

1. e4 e6 2. d4 d5 3. e5 c5 4. c3 Nc6 5. Nf3 Qb6 6. Bd3 Bd7 7. dxc5 Bxc5 8. O-O a5 9. Nbd2 a4 10. b4 axb3 11. Nxb3 Ba3 12. Be3 Qd8 13. Nc5 Bc8 14. Rb1 Bxc5 15. Bxc5 Nge7 16. Qd2 O-O 17. Ng5 h6 18. Nh7 Re8 19. Nf6+ gxf6 20. Qxh6 Nf5 21. Bxf5 1-0


[Site "https://www.chess.com"]

[Event "Titled Tuesday Blitz November 22 Late 2022"]
[White "Zhu, Jiner"]
[Black "Sadhwani, Raunak"]
[WhiteFideId "8608059"]
[BlackFideId "35093487"]
[WhiteElo "2384"]
[BlackElo "2656"]
[Result "1/2-1/2"]
[Round "03"]
[TimeControl "180+1"]
[Date "2022.11.22"]
[WhiteClock "0:00:41"]
[BlackClock "0:00:04"]

1. e4 c6 2. Nc3 d5 3. Nf3 dxe4 4. Nxe4 Nf6 5. Qe2 Na6 6. Nxf6+ gxf6 7. d4 Bg4 8. c3 Qd5 9. h3 Bxf3 10. Qxf3 Qxf3 11. gxf3 Nc7 12. Bd3 e6 13. Bd2 h5 14. O-O-O Bh6 15. Be3 Nd5 16. Kd2 O-O-O 17. Rhg1 f5 18. Bxh6 Rxh6 19. Rg7 Rf8 20. Rdg1 Kd7 21. h4 Ke7 22. Rg8 Rh8 23. Rxh8 Rxh8 24. Rg5 Nf4 25. Be2 Ng6 26. f4 Nxf4 27. Bf3 Kf8 28. Ke3 f6 29. Rg1 Nd5+ 30. Bxd5 cxd5 31. f3 Rg8 32. Rxg8+ Kxg8 33. f4 Kf7 34. Kf3 Ke7 35. Ke3 Kd6 36. Kd3 e5 37. Ke3 a5 38. a4 Ke6 39. Kf3 b5 40. b3 bxa4 41. bxa4 Kd6 42. Ke3 Ke6 43. Kf3 Kd6 44. Ke3 Ke6 45. Kf3 1/2-1/2


[Site "https://www.chess.com"]

[Event "Titled Tuesday Blitz November 22 Late 2022"]
[White "chess50years"]
[Black "Zanette, Edgard Vinicius"]
[BlackFideId "2109263"]
[WhiteElo "2060"]
[BlackElo "2211"]
[Result "0-1"]
[Round "03"]
[TimeControl "180+1"]
[Date "2022.11.23"]
[WhiteClock "0:00:03"]
[BlackClock "0:00:11"]

1. c4 Nf6 2. Nc3 c5 3. g3 Nc6 4. Bg2 e6 5. e3 d5 6. cxd5 Nxd5 7. Nge2 Ndb4 8. O-O Nd3 9. Bxc6+ bxc6 10. Qa4 Be7 11. Qxc6+ Bd7 12. Qe4 Nxc1 13. Raxc1 O-O 14. d4 Rc8 15. dxc5 Bxc5 16. Nd4 Qb6 17. Rc2 f5 18. Qh4 e5 19. Nb3 Bd6 20. Nd5 Qb7 21. Rxc8 Bxc8 22. Rd1 Be6 23. e4 f4 24. Nf6+ Rxf6 25. Rxd6 Qxe4 26. Rd8+ Kf7 27. Qh5+ Rg6 28. Qd1 fxg3 29. hxg3 Rh6 30. Rd7+ Bxd7 31. Qxd7+ Kg6 32. Qe6+ Kh5 33. Qh3+ Kg5 34. f4+ exf4 35. gxf4+ Qxf4 36. Qg2+ Qg4 37. Qxg4+ Kxg4 38. Kg2 Rb6 39. Kf2 Rxb3 40. axb3 h5 0-1


[Site "https://www.chess.com"]

[Event "Titled Tuesday Blitz November 22 Late 2022"]
[White "monkins"]
[Black "Arngrimsson, Dagur"]
[BlackFideId "2301288"]
[WhiteElo "2282"]
[BlackElo "2286"]
[Result "1-0"]
[Round "03"]
[TimeControl "180+1"]
[Date "2022.11.23"]
[WhiteClock "0:00:18"]
[BlackClock "0:00:04"]

1. Nf3 Nf6 2. c4 c6 3. g3 d5 4. Bg2 g6 5. O-O Bg7 6. d3 O-O 7. Nbd2 Bg4 8. Rb1 Bxf3 9. Nxf3 Nbd7 10. b4 e5 11. b5 e4 12. Ne1 Re8 13. bxc6 bxc6 14. Qa4 Ne5 15. cxd5 exd3 16. Nxd3 Nxd3 17. exd3 cxd5 18. Rb7 Re7 19. Rxe7 Qxe7 20. Bg5 Qe5 21. Bxf6 Bxf6 22. Qa5 Qe2 23. Qxd5 Rd8 24. Qa5 Rxd3 25. Qxa7 Bd4 26. Qb8+ Kg7 27. a4 Rd2 28. Qf4 Bf6 29. Bc6 Bd4 30. Bb5 Bxf2+ 31. Qxf2 Qxf2+ 32. Rxf2 Rd1+ 33. Kg2 Rd4 34. Ra2 Rd7 35. Bxd7 1-0


[Site "https://www.chess.com"]

[Event "Titled Tuesday Blitz November 22 Late 2022"]
[White "vjecspec"]
[Black "Wen, Tommy"]
[BlackFideId "30952255"]
[WhiteElo "2565"]
[BlackElo "2735"]
[Result "1/2-1/2"]
[Round "03"]
[TimeControl "180+1"]
[Date "2022.11.23"]
[WhiteClock "0:00:13"]
[BlackClock "0:00:09"]

1. e4 c5 2. Nf3 e6 3. c4 a6 4. d4 cxd4 5. Nxd4 Nf6 6. Nc3 Qc7 7. a3 b6 8. Be2 Bb7 9. f3 d6 10. Be3 Be7 11. O-O Nbd7 12. b4 O-O 13. Rc1 Rac8 14. Qd2 Qb8 15. Rfd1 h5 16. Bg5 h4 17. h3 Rfe8 18. Bxh4 Nxe4 19. Nxe4 Bxh4 20. Nb3 d5 21. cxd5 Bxd5 22. Nd4 b5 23. Nc3 Nf6 24. Nxd5 Nxd5 25. Bf1 Bg3 26. Ne2 Be5 27. Rxc8 Rxc8 28. Rc1 Rxc1 29. Qxc1 Qb6+ 30. Kh1 Qf2 31. f4 Nxf4 32. Nxf4 Bxf4 33. Qd1 Qg3 34. Kg1 Qh2+ 35. Kf2 Qg3+ 36. Kg1 Be3+ 37. Kh1 Qf2 38. Bd3 g6 39. Qf1 Qxf1+ 40. Bxf1 Bd4 41. a4 bxa4 42. Bxa6 a3 43. Bc4 Kf8 44. g3 Ke7 45. Kg2 Kd6 46. Kf3 Bc3 47. b5 Kc5 48. Ba2 Kxb5 49. Ke4 Kc5 50. Kd3 Bg7 51. g4 Kd6 52. Ke4 Bf6 53. Kf4 Be7 54. Ke4 Kc5 55. Kd3 Bf6 56. Bb3 Kb4 57. Ba2 Be7 58. Bc4 Bd8 59. Ba2 Kc5 60. Ke4 Kd6 61. Bb3 Bh4 62. Ba2 Ke7 63. Bb3 Kf6 64. Ba2 Kg5 65. Kf3 Be1 66. Bb3 Bb4 67. Ba2 Be7 68. Kg3 Bd6+ 69. Kf3 Kh4 70. Kg2 Kg5 71. Kf3 Kf6 72. Ke4 Bf8 73. Bb3 g5 74. Ba2 Ke7 75. Bb3 Kd6 76. Ba2 Bg7 77. Bb3 Kc5 78. Kd3 Be5 79. Ba2 Kb4 80. Bc4 Bg3 81. Ba2 Kc5 82. Ke4 Kd6 83. Bb3 Bf4 84. Ba2 Bc1 85. Bb3 Bb2 86. Ba2 Kc5 87. Kd3 Kb4 88. Bc4 Kc5 89. Ba2 Kd6 90. Ke4 f6 91. Bb3 Ke7 92. Ba2 Bc3 93. Bb3 Be1 94. Ba2 Bg3 95. Bb3 Bd6 96. Ba2 Be5 97. Bb3 Kd6 98. Ba2 Bb2 99. Bb3 Bc1 100. Ba2 f5+ 101. gxf5 exf5+ 102. Kxf5 Kc5 103. Ke4 Kb4 104. Kd3 Bf4 105. Be6 Kc5 106. Ba2 Kd6 107. Ke4 Ke7 108. Kf5 1/2-1/2


[Site "https://www.chess.com"]

[Event "Titled Tuesday Blitz November 22 Late 2022"]
[White "Aggelis, Nikolaos"]
[Black "Lopez Del Alamo, Antonio"]
[WhiteFideId "4213220"]
[BlackFideId "2227339"]
[WhiteElo "2189"]
[BlackElo "2175"]
[Result "1-0"]
[Round "04"]
[TimeControl "180+1"]
[Date "2022.11.23"]
[WhiteClock "0:00:10"]
[BlackClock "0:00:31"]

1. e4 c5 2. Nf3 e6 3. d4 cxd4 4. Nxd4 Nf6 5. f3 d6 6. c4 Be7 7. Nc3 O-O 8. Be3 a6 9. Be2 Qc7 10. O-O b6 11. Qd2 Bb7 12. Rfc1 Re8 13. a4 Nc6 14. Nxc6 Bxc6 15. b4 Bb7 16. a5 Nd7 17. axb6 Nxb6 18. Qd4 Nd7 19. Qd2 Rec8 20. Rab1 Ne5 21. Na4 Nd7 22. h3 Bc6 23. b5 Bb7 24. b6 Qc6 25. Qa2 Ne5 26. c5 d5 27. exd5 exd5 28. Bd4 Bf6 29. Qa1 Re8 30. Bf1 Nd7 31. Bxf6 Nxf6 32. Qd4 Ne4 33. fxe4 Rxe4 34. Qf2 Rxa4 35. Bd3 d4 36. Be2 Ra2 37. Qf1 d3 38. Bf3 Qf6 39. Bxb7 Qd4+ 40. Kh1 Rd8 41. c6 d2 42. c7 dxc1=Q 43. cxd8=Q+ Qxd8 44. Qxc1 g6 45. Qc8 Rd2 46. Qxd8+ Rxd8 47. Bc6 1-0


[Site "https://www.chess.com"]

[Event "Titled Tuesday Blitz November 22 Late 2022"]
[White "Aghasiyev, Kamal"]
[Black "Gorodetzky, David"]
[WhiteFideId "13402854"]
[BlackFideId "2813416"]
[WhiteElo "2341"]
[BlackElo "2497"]
[Result "0-1"]
[Round "04"]
[TimeControl "180+1"]
[Date "2022.11.23"]
[WhiteClock "0:00:05"]
[BlackClock "0:00:57"]

1. d4 Nf6 2. Nf3 d5 3. Bf4 Bf5 4. e3 e6 5. Nbd2 c5 6. c3 Nc6 7. Be2 Qb6 8. Qb3 c4 9. Qxb6 axb6 10. a3 b5 11. Rc1 h6 12. h3 Nd7 13. Bd1 Nb6 14. Bc2 Na4 15. Bxf5 exf5 16. Rb1 Kd7 17. Kd1 g5 18. Ne5+ Ke6 19. Bh2 Bd6 20. Kc2 Bxe5 21. Bxe5 Nxe5 22. dxe5 Nc5 23. Nf3 Nd3 24. Rhf1 g4 25. Nd4+ Kxe5 26. h4 Ra6 27. Rbd1 Re8 28. g3 Kf6 29. Rxd3 cxd3+ 30. Kxd3 Rc8 31. Rb1 Rc4 32. Nxb5 Rb6 33. Nd4 Ra4 34. Kc2 Ke5 35. Rd1 Ke4 36. Rd2 Rc4 37. Kd1 Rc5 38. Ke2 Ke5 39. Rc2 Rc8 40. Rd2 Re8 41. Rc2 Kf6 42. Kd3 Re4 43. Rc1 Ra6 44. Kc2 Rb6 45. b4 Ra6 46. Kb3 Ra8 47. a4 Rc8 48. a5 f4 49. Re1 Rce8 50. gxf4 Rxf4 51. Re2 Rfe4 52. Ra2 g3 53. fxg3 Rxe3 54. b5 Rc8 55. Rc2 Rc5 56. Kb4 Rc4+ 57. Kb3 Rxd4 58. a6 bxa6 59. bxa6 Rc4 60. Rf2+ Kg6 0-1


[Site "https://www.chess.com"]

[Event "Titled Tuesday Blitz November 22 Late 2022"]
[White "Ai, Evan"]
[Black "Kirillov, Dmitry"]
[WhiteFideId "2094770"]
[BlackFideId "34180572"]
[WhiteElo "1963"]
[BlackElo "2095"]
[Result "0-1"]
[Round "04"]
[TimeControl "180+1"]
[Date "2022.11.23"]
[WhiteClock "0:00:03"]
[BlackClock "0:00:23"]

1. e4 c6 2. d4 d5 3. Nc3 dxe4 4. Nxe4 Nf6 5. Nxf6+ exf6 6. c3 Bd6 7. Bd3 O-O 8. Ne2 Re8 9. O-O Qc7 10. h3 h6 11. Qc2 Nd7 12. Bd2 Nf8 13. Rfe1 Be6 14. c4 Qd7 15. Qc3 Rac8 16. Rad1 Bf5 17. Nf4 b6 18. Nh5 Bg6 19. Nf4 Bf5 20. Nh5 Bg6 21. Bxg6 fxg6 22. Nf4 g5 23. Nd3 Ng6 24. c5 Bc7 25. Nb4 Rxe1+ 26. Rxe1 bxc5 27. dxc5 Be5 28. Qc4+ Kh7 29. Be3 Rd8 30. Qc2 a5 31. Na6 Ra8 32. h4 gxh4 33. f4 Bd4 34. Qc4 Bxe3+ 35. Rxe3 Qd1+ 36. Kh2 Qd7 37. Rf3 Qb7 38. f5 Ne5 39. Qxh4 Nxf3+ 40. gxf3 Qxa6 41. Qh5 Qe2+ 0-1


[Site "https://www.chess.com"]

[Event "Titled Tuesday Blitz November 22 Late 2022"]
[White "Al-Tarboush, Ward"]
[Black "Maksimovic, Bojan"]
[WhiteFideId "7601450"]
[BlackFideId "14408120"]
[WhiteElo "2273"]
[BlackElo "2447"]
[Result "0-1"]
[Round "04"]
[TimeControl "180+1"]
[Date "2022.11.23"]
[WhiteClock "0:00:18"]
[BlackClock "0:01:17"]

1. e4 c5 2. Nf3 e6 3. d4 cxd4 4. Nxd4 a6 5. Bd3 Bc5 6. Nb3 Ba7 7. Qe2 Nc6 8. Nc3 Nge7 9. Be3 Bb8 10. f4 O-O 11. h4 f5 12. e5 d6 13. exd6 Bxd6 14. O-O-O Qc7 15. Rdf1 e5 16. g4 exf4 17. Bc5 fxg4 18. Bxd6 Qxd6 19. Ne4 Qe5 20. Qd2 f3 21. Ng5 Bf5 22. Bc4+ Kh8 23. Nf7+ Rxf7 24. Bxf7 Rd8 25. Qf2 Qf4+ 26. Kb1 Be4 27. Qe1 g3 28. Nc5 g2 29. Qxe4 gxf1=Q+ 30. Rxf1 Qxf7 31. Ne6 Rd6 32. Ng5 Qf5 33. Rxf3 Rd1# 0-1


[Site "https://www.chess.com"]

[Event "Titled Tuesday Blitz November 22 Late 2022"]
[White "Andreikin, Dmitry"]
[Black "Gadimbayli, Abdulla"]
[WhiteFideId "4158814"]
[BlackFideId "13404938"]
[WhiteElo "2736"]
[BlackElo "2399"]
[Result "1-0"]
[Round "04"]
[TimeControl "180+1"]
[Date "2022.11.22"]
[WhiteClock "0:01:45"]
[BlackClock "0:01:00"]

1. d4 d5 2. c4 c6 3. Nf3 Nf6 4. Qc2 dxc4 5. e4 e6 6. Bxc4 Nbd7 7. O-O Be7 8. Nc3 O-O 9. e5 Nd5 10. Nxd5 cxd5 11. Bd3 h6 12. Bf4 Nb6 13. Qc1 g5 14. Be3 Bd7 15. h4 Rc8 16. Qd1 f5 17. exf6 Bxf6 18. hxg5 hxg5 19. Nxg5 Bxg5 20. Qh5 Rf7 21. Bxg5 Qf8 22. Bf6 1-0


[Site "https://www.chess.com"]

[Event "Titled Tuesday Blitz November 22 Late 2022"]
[White "Ankerst, Mihael"]
[Black "Martinez Reyes, Pedro Ramon"]
[WhiteFideId "14602369"]
[BlackFideId "3901807"]
[WhiteElo "2361"]
[BlackElo "2354"]
[Result "1-0"]
[Round "04"]
[TimeControl "180+1"]
[Date "2022.11.23"]
[WhiteClock "0:00:23"]
[BlackClock "0:01:37"]

1. e4 c6 2. d4 d5 3. e5 Bf5 4. Nf3 e6 5. Be2 Bg4 6. Nbd2 Nd7 7. h3 Bxf3 8. Nxf3 Ne7 9. O-O c5 10. c4 dxc4 11. Bxc4 a6 12. d5 Nb6 13. dxe6 Nxc4 14. exf7+ Kxf7 15. Qb3 b5 16. a4 Rb8 17. axb5 axb5 18. Ra7 Qb6 19. Ng5+ Kg8 20. Qf3 Nxe5 21. Qe4 N7g6 22. Qd5+ Nf7 23. Qxf7# 1-0


[Site "https://www.chess.com"]

[Event "Titled Tuesday Blitz November 22 Late 2022"]
[White "Annaberdiyev, Babageldi"]
[Black "Swiercz, Dariusz"]
[WhiteFideId "14000385"]
[BlackFideId "1126881"]
[WhiteElo "2332"]
[BlackElo "2627"]
[Result "0-1"]
[Round "04"]
[TimeControl "180+1"]
[Date "2022.11.22"]
[WhiteClock "0:00:12"]
[BlackClock "0:00:06"]

1. e4 e6 2. d4 d5 3. e5 c5 4. c3 Nc6 5. Nf3 Bd7 6. a3 c4 7. Nbd2 f6 8. g3 fxe5 9. Nxe5 Nxe5 10. dxe5 Bc5 11. Bh3 Ne7 12. O-O O-O 13. b3 Nc6 14. bxc4 Nxe5 15. Nb3 Bb6 16. cxd5 Kh8 17. dxe6 Bc6 18. Qxd8 Raxd8 19. Bg2 Rxf2 20. Bxc6 Re2+ 21. Kh1 Nxc6 22. Bg5 Re8 23. Rae1 Rxe1 24. Rxe1 h6 25. Bf4 Kh7 26. Bd6 Kg6 27. e7 Kf7 28. c4 Nxe7 29. c5 Bd8 30. Nd4 Nc6 31. Rf1+ Kg8 32. Nf5 Bf6 33. Bf4 Kh7 34. Nd6 Re2 35. Nxb7 Ra2 36. Nd6 Rxa3 37. Ne4 Ra5 38. Nxf6+ gxf6 39. Bd6 Kg6 40. Rb1 Ra2 41. Rb7 a5 42. h4 h5 43. Rc7 Nd4 44. Kg1 a4 45. Ra7 a3 46. c6 Nxc6 47. Rxa3 Rd2 48. Bf4 Rc2 49. Ra6 Nd4 50. Kf1 Nf5 51. Bg5 Nxg3+ 52. Ke1 Ne4 53. Kd1 Rh2 54. Ke1 Nxg5 55. hxg5 Kxg5 56. Kf1 h4 57. Kg1 Rb2 58. Ra5+ f5 59. Ra3 Kg4 60. Ra2 Rxa2 0-1


[Site "https://www.chess.com"]

[Event "Titled Tuesday Blitz November 22 Late 2022"]
[White "Antonova, Nadezhda"]
[Black "Toncheva, Nadya"]
[WhiteFideId "14700182"]
[BlackFideId "2924056"]
[WhiteElo "1813"]
[BlackElo "2101"]
[Result "0-1"]
[Round "04"]
[TimeControl "180+1"]
[Date "2022.11.23"]
[WhiteClock "0:00:04"]
[BlackClock "0:00:54"]

1. Nf3 c5 2. b3 d6 3. Bb2 e5 4. g3 g6 5. Bg2 Bg7 6. e4 Ne7 7. O-O O-O 8. d3 Nbc6 9. Nbd2 h6 10. Nc4 Be6 11. a4 Kh7 12. Nh4 g5 13. Nf3 f5 14. exf5 Nxf5 15. Rb1 Qd7 16. Re1 Ncd4 17. Bxd4 Nxd4 18. Nxd4 cxd4 19. Qd2 Rf7 20. Re2 Bg4 21. Be4+ Kh8 22. f3 Bxf3 23. Bxf3 Rxf3 24. Rf1 Rxf1+ 25. Kxf1 d5 26. Nxe5 Qf5+ 0-1


[Site "https://www.chess.com"]

[Event "Titled Tuesday Blitz November 22 Late 2022"]
[White "Araujo Sanchez, Josue"]
[Black "Aung Thant Zin"]
[WhiteFideId "6416896"]
[BlackFideId "13000063"]
[WhiteElo "2370"]
[BlackElo "2278"]
[Result "1-0"]
[Round "04"]
[TimeControl "180+1"]
[Date "2022.11.23"]
[WhiteClock "0:00:38"]
[BlackClock "0:00:03"]

1. e4 c5 2. Nf3 Nc6 3. d4 cxd4 4. Nxd4 Nf6 5. Nc3 d6 6. g3 e6 7. Bg2 e5 8. Nde2 Be7 9. O-O O-O 10. Bg5 Be6 11. Bxf6 Bxf6 12. Nd5 Bxd5 13. exd5 Nb8 14. c4 a5 15. Nc3 Nd7 16. Rc1 Be7 17. Kh1 f5 18. f4 Rc8 19. Nb5 Qb6 20. Qc2 g6 21. b3 Bf6 22. Qd2 e4 23. g4 Kh8 24. gxf5 gxf5 25. Bh3 Bg7 26. Rg1 Rf7 27. Rg5 Rcf8 28. Rcg1 Nc5 29. Qg2 Nd3 30. Qg3 Nf2+ 31. Kg2 e3 32. Kf3 Ne4 33. Qh4 Nxg5+ 34. fxg5 Qd8 35. Qh5 Qe7 36. Ke2 f4 37. g6 f3+ 38. Kd3 Be5 39. gxf7 Qxf7 40. Qxf7 Rxf7 41. Kxe3 1-0


[Site "https://www.chess.com"]

[Event "Titled Tuesday Blitz November 22 Late 2022"]
[White "Arngrimsson, Dagur"]
[Black "Zanette, Edgard Vinicius"]
[WhiteFideId "2301288"]
[BlackFideId "2109263"]
[WhiteElo "2286"]
[BlackElo "2211"]
[Result "1-0"]
[Round "04"]
[TimeControl "180+1"]
[Date "2022.11.23"]
[WhiteClock "0:02:33"]
[BlackClock "0:00:38"]

1. e4 c5 2. Nf3 d6 3. d4 cxd4 4. Nxd4 Nf6 5. Nc3 a6 6. h3 e5 7. Nb3 h5 8. Be2 Be7 9. a4 Be6 10. f4 exf4 11. Bxf4 Nc6 12. O-O Rc8 13. Nd5 Bxd5 14. exd5 Nb4 15. c4 a5 16. Nd4 Qb6 17. Be3 Qc7 18. Rc1 g6 19. Nb5 Qd7 20. Bd4 1-0


[Site "https://www.chess.com"]

[Event "Titled Tuesday Blitz November 22 Late 2022"]
[White "Arnold, Ken"]
[Black "Papp, Levente"]
[WhiteFideId "2056836"]
[BlackFideId "751243"]
[WhiteElo "2356"]
[BlackElo "2380"]
[Result "0-1"]
[Round "04"]
[TimeControl "180+1"]
[Date "2022.11.23"]
[WhiteClock "0:00:01"]
[BlackClock "0:00:23"]

1. d4 e6 2. c4 d5 3. Nf3 Nf6 4. cxd5 exd5 5. Nc3 h6 6. Bf4 c6 7. e3 Bf5 8. Bd3 Bxd3 9. Qxd3 Nbd7 10. O-O Bb4 11. a3 Bxc3 12. Qxc3 O-O 13. Rab1 Ne4 14. Qc2 a5 15. h3 a4 16. Nd2 Nxd2 17. Qxd2 Nb6 18. b3 axb3 19. Rxb3 Nc4 20. Qb4 b5 21. Rc1 Qa5 22. Qc5 Qd2 23. Rbc3 Ra6 24. Qe7 Qe2 25. Bd6 Rfa8 26. Bb4 Qh5 27. Qd7 Qg6 28. Bc5 Qe6 29. Qxe6 fxe6 30. g4 e5 31. dxe5 Nxe5 32. Kg2 Nc4 33. f3 Re8 34. Kf2 Kf7 35. Re1 Raa8 36. e4 dxe4 37. fxe4 Nd2 38. e5 Ra4 39. Bb4 Nc4 40. Rf3+ Ke6 41. Rf5 Nxa3 42. Bxa3 Rxa3 43. Rd1 Rc3 44. Rd6+ Ke7 45. Rg6 Kd7 46. Rxg7+ Re7 47. Rg6 b4 48. Rxh6 b3 49. e6+ Kc7 50. Rf7 Kd6 51. Rhh7 Rxe6 52. Rb7 Kc5 53. Rhc7 Rd6 54. Ke2 Rxh3 0-1


[Site "https://www.chess.com"]

[Event "Titled Tuesday Blitz November 22 Late 2022"]
[White "Averjanov, Alexey"]
[Black "Steinberg, Nitzan"]
[WhiteFideId "14109867"]
[BlackFideId "2801795"]
[WhiteElo "2604"]
[BlackElo "2491"]
[Result "1/2-1/2"]
[Round "04"]
[TimeControl "180+1"]
[Date "2022.11.23"]
[WhiteClock "0:00:21"]
[BlackClock "0:00:06"]

1. d4 Nf6 2. c4 g6 3. Nc3 Bg7 4. e4 d6 5. Be2 c5 6. Nf3 cxd4 7. Nxd4 O-O 8. Be3 Nc6 9. O-O Bd7 10. f3 Nxd4 11. Bxd4 Bc6 12. Qd2 Nd7 13. Bxg7 Kxg7 14. b3 a5 15. Rfc1 Qb6+ 16. Kh1 h5 17. Rab1 h4 18. Nd5 Bxd5 19. exd5 Nf6 20. Bf1 Rh8 21. Re1 Rae8 22. Re3 e5 23. dxe6 Rxe6 24. Rxe6 fxe6 25. Re1 e5 26. Rd1 Nh5 27. h3 Ng3+ 28. Kh2 Nf5 29. Bd3 Ne7 30. Qg5 Qc7 31. Be4 b6 32. f4 exf4 33. Rf1 Rf8 34. Qxh4 f3 35. Bxf3 d5+ 36. Qg3 Qxg3+ 37. Kxg3 Nf5+ 38. Kf2 d4 39. Rd1 Rd8 40. Rd2 Kf6 41. a3 Ke5 42. b4 axb4 43. axb4 Rc8 44. c5 bxc5 45. bxc5 Rxc5 46. g4 Ne3 47. h4 Rc1 48. h5 g5 49. h6 Rc7 50. Ra2 Rh7 51. Ra6 Nc4 52. Be2 Nd6 53. Ra5+ Kf4 54. Rd5 Ne4+ 55. Kg2 Ke3 56. Bf3 Nd2 57. Re5+ Kf4 58. Rf5+ Ke3 59. Re5+ Kd3 60. Rxg5 Rxh6 61. Rh5 Rf6 62. Bd5 Kc3 63. g5 Rf5 64. Be6 Re5 65. Bg4 Nc4 66. g6 Ne3+ 67. Kf3 Nxg4 68. Kxg4 Re1 69. Rg5 d3 70. g7 Rg1+ 71. Kh5 Rxg5+ 72. Kxg5 d2 73. g8=Q d1=Q 74. Qg7+ Qd4 75. Qxd4+ Kxd4 1/2-1/2


[Site "https://www.chess.com"]

[Event "Titled Tuesday Blitz November 22 Late 2022"]
[White "Baltaci, Ismail Tarik"]
[Black "D`Arruda, Ricardo D."]
[WhiteFideId "6365213"]
[BlackFideId "100692"]
[WhiteElo "2328"]
[BlackElo "2522"]
[Result "0-1"]
[Round "04"]
[TimeControl "180+1"]
[Date "2022.11.23"]
[WhiteClock "0:00:05"]
[BlackClock "0:00:19"]

1. e4 c5 2. Nf3 Nc6 3. Bb5 g6 4. Bxc6 dxc6 5. d3 c4 6. dxc4 Qxd1+ 7. Kxd1 Nf6 8. Nbd2 Bg7 9. Ke2 O-O 10. Re1 Nh5 11. Rb1 f5 12. e5 f4 13. h3 Bf5 14. Nd4 Bxe5 15. Nxf5 Rxf5 16. Nf3 Bf6 17. Bd2 e5 18. Kd3 Re8 19. Bc3 Bg7 20. Nd2 f3 21. g3 Rf7 22. c5 Rd8+ 23. Kc4 Nf6 24. Ne4 Nd5 25. Rbd1 h6 26. Nd6 b5+ 27. Kb3 Re7 28. Ba5 Rf8 29. c4 bxc4+ 30. Kxc4 e4 31. Rxe4 Rxe4+ 32. Nxe4 Bxb2 33. Rb1 Be5 34. Rb7 Nf6 35. Nxf6+ Rxf6 36. Bd2 Bxg3 37. Be3 Bf4 38. Kd3 Bxe3 39. Kxe3 Rf5 40. Rxa7 Rxc5 41. Kxf3 Rc3+ 42. Kg4 c5 43. h4 Rc4+ 44. f4 Rd4 45. a4 c4 46. Rc7 c3 47. a5 Ra4 48. Rxc3 Rxa5 49. Rc7 Rb5 50. Rd7 h5+ 51. Kf3 Rb3+ 52. Ke4 Rh3 53. Ke5 Rxh4 54. Kf6 Rg4 55. Rg7+ Kf8 56. Rh7 Kg8 57. Rg7+ Kh8 58. Rd7 h4 0-1


[Site "https://www.chess.com"]

[Event "Titled Tuesday Blitz November 22 Late 2022"]
[White "Banzea, Alexandru-Bogdan"]
[Black "Drygalov, Sergey"]
[WhiteFideId "1232622"]
[BlackFideId "24171743"]
[WhiteElo "2294"]
[BlackElo "2528"]
[Result "1-0"]
[Round "04"]
[TimeControl "180+1"]
[Date "2022.11.22"]
[WhiteClock "0:00:51"]
[BlackClock "0:00:12"]

1. d4 Nf6 2. Bf4 d5 3. Nf3 c5 4. e3 Nc6 5. Nbd2 Qb6 6. dxc5 Qxb2 7. Rb1 Qc3 8. Bb5 g6 9. e4 Bg7 10. Be5 Qxc5 11. Bd4 Qd6 12. e5 Qe6 13. Ng5 Qf5 14. exf6 Bxf6 15. Bxf6 Qxf6 16. Ngf3 O-O 17. O-O e5 18. c4 e4 19. cxd5 exf3 20. dxc6 fxg2 21. Re1 bxc6 22. Ne4 Qg7 23. Bxc6 Be6 24. Bxa8 Rxa8 25. Qd6 Qf8 26. Nf6+ Kg7 27. Qe5 Qd8 28. Nh5+ Kh6 29. Qg7+ Kxh5 30. Rb5+ Bf5 31. Qxh7+ Kg5 32. h4+ Kf6 33. Rxf5+ Kxf5 34. Qxf7+ Qf6 35. Qd5+ Kg4 36. Qxa8 Qxh4 37. Re4+ Kf5 38. Rxh4 1-0


[Site "https://www.chess.com"]

[Event "Titled Tuesday Blitz November 22 Late 2022"]
[White "Baskakov, Egor"]
[Black "Manelyuk, Daniil"]
[WhiteFideId "24197866"]
[BlackFideId "44173920"]
[WhiteElo "2211"]
[BlackElo "2209"]
[Result "1-0"]
[Round "04"]
[TimeControl "180+1"]
[Date "2022.11.23"]
[WhiteClock "0:01:49"]
[BlackClock "0:00:05"]

1. e4 e6 2. Nc3 d5 3. g3 dxe4 4. Nxe4 Be7 5. Bg2 Nd7 6. Ne2 Ngf6 7. Nxf6+ Nxf6 8. d4 O-O 9. O-O Rb8 10. c4 b6 11. Nc3 Bb7 12. Bxb7 Rxb7 13. Qf3 Rb8 14. Be3 c5 15. Rfd1 cxd4 16. Bxd4 Qc8 17. b3 Rd8 18. Be5 Rb7 19. Rxd8+ Bxd8 20. Rd1 Rd7 21. Rxd7 Nxd7 22. Bd4 e5 23. Be3 Be7 24. Nd5 Bd6 25. Qg4 Qd8 26. Bg5 Qe8 27. b4 Kh8 28. Qf3 f6 29. Bd2 e4 30. Qb3 Ne5 31. Bf4 Nf3+ 32. Kg2 Qh5 33. h3 Bxf4 34. Nxf4 Qg5 35. Qa4 Qe5 36. Qd7 g6 37. Ne6 1-0


[Site "https://www.chess.com"]

[Event "Titled Tuesday Blitz November 22 Late 2022"]
[White "Bayo Milagro, Alvaro"]
[Black "Fernandez Siles, Luis"]
[WhiteFideId "22275240"]
[BlackFideId "2209420"]
[WhiteElo "2270"]
[BlackElo "2186"]
[Result "0-1"]
[Round "04"]
[TimeControl "180+1"]
[Date "2022.11.23"]
[WhiteClock "0:01:26"]
[BlackClock "0:01:57"]

1. e4 c5 2. Nf3 Nc6 3. d4 cxd4 4. Nxd4 Nf6 5. Nc3 e5 6. Ndb5 d6 7. Nd5 Nxd5 8. exd5 Nb8 9. a4 Be7 10. Be2 O-O 11. O-O f5 12. f4 Bf6 13. c3 a6 14. Na3 b6 15. Be3 Nd7 16. Nc4 Qc7 17. Qb3 Rb8 18. fxe5 Nxe5 19. Nxb6 a5 20. c4 Nd7 21. c5 Nxc5 0-1


[Site "https://www.chess.com"]

[Event "Titled Tuesday Blitz November 22 Late 2022"]
[White "Bazzano, Sebastian"]
[Black "Forgacs, Attila Jr."]
[WhiteFideId "104566"]
[BlackFideId "773654"]
[WhiteElo "2215"]
[BlackElo "2168"]
[Result "0-1"]
[Round "04"]
[TimeControl "180+1"]
[Date "2022.11.23"]
[WhiteClock "0:00:07"]
[BlackClock "0:01:04"]

1. d4 Nf6 2. Bf4 g6 3. Nc3 d5 4. e3 Bg7 5. h4 h5 6. Nf3 O-O 7. Ne5 c5 8. Be2 cxd4 9. exd4 Nc6 10. Qd2 Bf5 11. f3 Rc8 12. Nxc6 Rxc6 13. Be5 a6 14. Bd3 Qd7 15. O-O b5 16. a3 Rfc8 17. Rad1 Ne8 18. Bxg7 Nxg7 19. Rfe1 Bxd3 20. Qxd3 Nf5 21. Qd2 Rc4 22. Qf2 b4 23. axb4 Rxb4 24. Re5 e6 25. Rd2 Rxb2 26. Kh2 Rxc3 0-1


[Site "https://www.chess.com"]

[Event "Titled Tuesday Blitz November 22 Late 2022"]
[White "Bilan, Danila"]
[Black "De Souza, Cristiano Gomes"]
[WhiteFideId "24161918"]
[BlackFideId "2151758"]
[WhiteElo "2173"]
[BlackElo "2068"]
[Result "0-1"]
[Round "04"]
[TimeControl "180+1"]
[Date "2022.11.23"]
[WhiteClock "0:00:02"]
[BlackClock "0:00:35"]

1. d4 Nf6 2. Nf3 g6 3. Bg5 Bg7 4. c3 d6 5. Nbd2 h6 6. Bh4 g5 7. Bg3 Nh5 8. e4 e6 9. Bc4 Qe7 10. O-O Nd7 11. a4 Nf8 12. e5 d5 13. Bb5+ c6 14. Bd3 Ng6 15. Re1 Bd7 16. a5 Nxg3 17. hxg3 O-O-O 18. Nb3 h5 19. Nc5 Be8 20. Qb3 h4 21. Nxg5 hxg3 22. fxg3 Rh5 23. Nf3 Nxe5 24. Nxe5 Bxe5 25. Nxb7 Bxg3 26. Nxd8 Qh4 27. Kf1 Qh1+ 28. Ke2 Qxg2+ 29. Kd1 Kxd8 30. Be2 Bxe1 31. Qb8+ Ke7 32. Qc7+ Kf8 33. Qd6+ Kg7 34. Kxe1 Rh1+ 35. Kd2 Qg5+ 0-1


[Site "https://www.chess.com"]